 Dungeon Crawl Stone Soup version 0.21-a0-225-g207ae17 (webtiles) character file.

79 tidbits the Skirmisher (level 3, -4/34 HPs)
             Began as a Demigod Wanderer on Aug 28, 2017.
             Killed from afar by a dart slug (5 damage)
             ... with a slug dart
             ... on level 3 of the Dungeon.
             The game lasted 00:04:12 (723 turns).

tidbits the Skirmisher (Demigod Wanderer)            Turns: 723, Time: 00:04:12

Health: -4/34      AC:  8    Str: 15    XL:     3   Next: 95%
Magic:  6/6        EV:  6    Int: 17    God:
Gold:   51         SH:  0    Dex: 16    Spells: 2/2 levels left

rFire    . . .     SeeInvis .   b - +0 quarterstaff
rCold    . . .     Gourm    .   (shield currently unavailable)
rNeg     . . .     Faith    .   l - +0 chain mail
rPois    .         Spirit   .   (no helmet)
rElec    .         Reflect  .   (no cloak)
rCorr    .         Harm     .   (no gloves)
MR       .....                  (no boots)
Stlth    ..........             (no amulet)
HPRegen  0.11/turn              y - +2 ring of slaying
MPRegen  0.10/turn              (no ring)

@: no status effects
A: high mp 1
a: no special abilities


You were on level 3 of the Dungeon.
You were not hungry.

You visited 1 branch of the dungeon, and saw 4 of its levels.

You collected 51 gold pieces.

Inventory:

Hand Weapons
 b - a +0 quarterstaff (weapon)
Missiles
 h - 24 stones (quivered)
 n - 17 poisoned needles
 o - 18 bolts
 p - 12 arrows
Armour
 d - a +0 robe
 l - a +0 chain mail (worn)
 B - a +0 ring mail
Jewellery
 y - a +2 ring of slaying (left hand)
   (You found it on level 3 of the Dungeon)
Wands
 a - a wand of enslavement (15/24)
Scrolls
 e - a scroll of identify {unknown}
 i - 3 scrolls of teleportation {unknown}
 k - a scroll of enchant weapon {unknown}
 q - 2 scrolls of fog {unknown}
 r - a scroll of remove curse {unknown}
Potions
 c - a potion of curing
 m - a potion of cancellation {unknown}
Comestibles
 f - 2 bread rations
 g - 2 meat rations
 j - 3 chunks of flesh


   Skills:
 + Level 4.5 Fighting
   Level 1.0 Short Blades
 - Level 2.6 Staves
 - Level 1.0 Stealth
 - Level 1.7 Evocations


You had 2 spell levels left.
You didn't know any spells.

Dungeon Overview and Level Annotations

Branches:
Dungeon (4/15)
 Temple: D:4-7


Innate Abilities, Weirdness & Mutations

You have an increased reservoir of magic. (+10% MP)


Message History

A phantom and a skeleton come into view.
The phantom blinks!
There is a stone staircase leading up here.
You climb upwards.
You hear the sound of rushing water.
There is an entrance to a sewer on this level.
Hurry and find it before the portal rusts away!
There is a stone staircase leading down here.
An orc priest comes into view. It is wielding a whip.
The orc priest shouts!
An orc comes into view. It is wielding a whip.
You see here a scroll labeled UBODOO TORAATT.
r - a scroll labeled UBODOO TORAATT You see here a scroll labeled QOUJAIFAID.
q - 2 scrolls labeled QOUJAIFAID (gained 1)
The orc priest calls down the wrath of Beogh upon you.
Beogh smites you!
You hear a shout!
You hear the rusting of a distant drain.
Unknown command.
You sock the orc!
You kill the orc!
The orc priest barely misses you.
An orc comes into view. It is wielding a flail.
Things that are here:
a whip; an orc corpse You sock the orc priest!
The orc priest is heavily wounded.
The orc priest barely misses you.
You hit the orc priest.
The orc priest is severely wounded.
The orc priest looks encouraged for a moment.
You hit the orc priest.
The orc priest is almost dead.
The orc priest mumbles some strange prayers to Beogh against you.
Beogh smites you!
* * * LOW HITPOINT WARNING * * *
The orc hits you with a flail.
* * * LOW HITPOINT WARNING * * *
You sock the orc priest!
You kill the orc priest!
The orc hits you but does no damage.
You thump the orc!
You kill the orc!
You butcher the orc corpse.
j - 6 chunks of flesh (gained 3)
Things that are here:
a whip; an orc skeleton
Things that are here:
a whip; an orc corpse
Things that are here:
a flail; a leather armour; an orc corpse A bat comes into view.
The bat hits you.
* * * LOW HITPOINT WARNING * * *
The bat barely misses you.
You are too injured to fight recklessly!
You barely miss the bat. The bat hits you.
* * * LOW HITPOINT WARNING * * *
The bat barely misses you.
You hit the bat but do no damage. The bat hits you but does no damage.
The bat hits you but does no damage. The bat barely misses you.
The bat hits you.
* * * LOW HITPOINT WARNING * * *
The bat hits you but does no damage. The bat hits you but does no damage.
The bat barely misses you. The bat hits you but does no damage.
The bat hits you but does no damage.
Found 6 gold pieces.
You hit the bat.
The bat is heavily wounded.
The bat hits you.
* * * LOW HITPOINT WARNING * * *
The bat barely misses you. The bat hits you but does no damage.
You hit the bat.
You kill the bat!
You now have 51 gold pieces (gained 6).
A kobold comes into view. It is wielding a club.
You hear the brisk rusting of a distant drain.
The kobold throws a stone.
The stone hits you but does no damage.
You see here a stone.
You hit the kobold.
You kill the kobold!
You see here a club.
Some of the chunks of flesh in your inventory have rotted away.
You see here a club.
A dart slug comes into view.
The dart slug launches a dart at you. The slug dart hits you!
* * * LOW HITPOINT WARNING * * *
The dart slug launches a dart at you. The slug dart hits you!
* * * LOW HITPOINT WARNING * * *
You sock the dart slug!
The dart slug is almost dead.
The dart slug launches a dart at you. The slug dart hits you!
You die...

#†# #.....# #....#
#.# #.....# #.####
#.### #.# #(#
#...#######.# #.#
###(..).....# #.#
#..##############.#
#..#####.(......#.#
#........#.####.#.#
#.##.......@w##.#.#
###
#....####.##......#
..# ######
#.#####.### #.#
##.#####.# #.#
#........# #.#
#...###### #.#
#...# #.##### #...#
......# #...#######


You could see a dart slug.

Vanquished Creatures
  An orc priest (D:3)
  2 adders (D:3)
  2 oozes (D:3)
  2 orcs (D:3)
  A ball python (D:3)
  A hobgoblin (D:3)
  6 jackals
  A quokka (D:3)
  2 bats (D:3)
  4 kobolds
  A rat (D:3)
23 creatures vanquished.

Notes
Turn   | Place    | Note
-------+----------+-------------------------------------------
     0 | D:1      | tidbits the Demigod Wanderer began the quest for the Orb.
     0 | D:1      | tidbits set off with: a wand of enslavement (15/24), a +0 quarterstaff, a potion of curing, a +0 robe, a bread ration
     0 | D:1      | Reached XP level 1. HP: 18/18 MP: 4/4
   272 | D:2      | Reached skill level 3 in Fighting
   409 | D:3      | Reached XP level 2. HP: 24/26 MP: 5/5
   569 | D:3      | Reached XP level 3. HP: 32/33 MP: 6/6
   602 | D:3      | Reached skill level 4 in Fighting
   636 | D:4      | Noticed a phantom
   722 | D:3      | HP: 1/34 [dart slug/slug dart (5)]
   723 | D:3      | Killed from afar by a dart slug

Vault maps used:
D:1:      wheals_arrival_linesprint
D:3:      first_bread, portal_sewer_entry_f
D:4:      serial_bayou_pond_d

Skill      XL: |  1  2  3 |
---------------+----------+-----
Fighting       | 3 4 |  4.5
Short Blades   | |  1.0
Staves         | |  2.6
Stealth        | |  1.0
Evocations     | |  1.7

Action                   || total
-------------------------++-------
Melee: Quarterstaff      ||    75
Armor: Ring mail         ||    11
       Chain mail        ||    32
Dodge: Dodged            ||    38

Table legend:
 A = Spawn XP
 B = Non-spawn XP
 C = Spawn XP percentage of total XP
 D = Spawn monster count
 E = Non-spawn monster count
 F = Spawn count percentage of total count
 G = Total turns spent on level
                    A         B        C        D         E        F      G
               +---------+---------+-------+---------+---------+-------+---------
         Total |       0 |     113 |   0.0 |       0 |      23 |   0.0 |   723
               +---------+---------+-------+---------+---------+-------+---------
           D:2 |       0 |       9 |   0.0 |       0 |       5 |   0.0 |   184
           D:3 |       0 |     104 |   0.0 |       0 |      18 |   0.0 |   422
               +---------+---------+-------+---------+---------+-------+---------

Table legend:
 A = Turns spent in this place as a percentage of turns spent in the entire game.
 B = Non-inter-level travel turns spent in this place as a percentage of non-inter-level travel turns spent in the entire game.
 C = Inter-level travel turns spent in this place as a percentage of turns spent in this place.
 D = Turns resting spent in this place as a percentage of non-inter-level travel turns spent in this place.
 E = Turns spent auto-exploring this place as a percentage of non-inter-level travel turns spent in this place.
 F = Non-inter-level travel turns spent in this place divided by the number of levels of this place that you've seen.
                   A       B       C       D       E      F
               +-------+-------+-------+-------+-------+----------------------
         Total | 100.0 | 100.0 |   2.1 |   0.0 |   3.4 | 177.0
       Dungeon | 100.0 | 100.0 |   2.1 |   0.0 |   3.4 | 177.0
               +-------+-------+-------+-------+-------+----------------------

Table legend:
 A = Kills in this place as a percentage of kills in entire the game.
 B = Kills by you in this place as a percentage of kills by you in the entire game.
 C = Kills by friends in this place as a percentage of kills by friends in the entire game.
 D = Other kills in this place as a percentage of other kills in the entire game.
 E = Experience gained in this place as a percentage of experience gained in the entire game.
 F = Experience gained in this place divided by the number of levels of this place that you have seen.
                   A       B       C       D       E      F
               +-------+-------+-------+-------+-------+----------------------
         Total | 100.0 | 100.0 |   N/A |   N/A | 100.0 |  28.2
       Dungeon | 100.0 | 100.0 |   N/A |   N/A | 100.0 |  28.2
               +-------+-------+-------+-------+-------+----------------------

Vault maps used:
D:1:      wheals_arrival_linesprint
D:3:      first_bread, portal_sewer_entry_f
D:4:      serial_bayou_pond_d
